 Dungeon Crawl Stone Soup version 0.24.0-123-gd5b16e6ec5 (webtiles) character file.

Game seed: 9133074491999421834, levelgen mode: deterministic

362 brucemayne the Cleaver (level 6, -10/51 HPs)
             Began as a Hill Orc Monk on Jan 26, 2020.
             Was a Believer of the Shining One.
             Mangled by an ogre
             ... wielding a +0 giant club
              (13 damage)
             ... on level 5 of the Dungeon.
             The game lasted 00:06:43 (1781 turns).

brucemayne the Cleaver (Hill Orc Monk)              Turns: 1781, Time: 00:06:43

Health: -10/51     AC:  6    Str: 16    XL:     6   Next: 66%
Magic:  6/9        EV: 14    Int: 10    God:    the Shining One [**....]
Gold:   109        SH: 16    Dex: 18    Spells: 3/5 levels left

rFire    . . .     SeeInvis .   a - +0 hand axe
rCold    . . .     Gourm    .   n - +0 shield
rNeg     + . .     Faith    .   p - +0 ring mail
rPois    .         Spirit   .   (no helmet)
rElec    .         Reflect  .   d - +0 cloak
rCorr    .         Harm     .   (no gloves)
MR       .....                  (no boots)
Stlth    +.........             (no amulet)
HPRegen  0.17/turn              (no ring)
MPRegen  0.11/turn              (no ring)

@: agile, divine shield, glowing
A: no striking features
a: Divine Shield, Renounce Religion


You were on level 5 of the Dungeon.
You worshipped the Shining One.
The Shining One was pleased with you.
You were not hungry.

You visited 1 branch of the dungeon, and saw 6 of its levels.

You collected 109 gold pieces.

Inventory:

Hand Weapons
 a - a +0 hand axe (weapon)
 h - a +1 dagger of holy wrath
 k - a cursed -1 hunting sling
Missiles
 o - 7 silver javelins (quivered)
Armour
 b - a +0 robe
 d - a +0 cloak (worn)
 e - a +0 leather armour
 n - a +0 shield (worn)
 p - a +0 ring mail (worn)
 u - a +0 ring mail
Jewellery
 j - an uncursed ring of fire
Wands
 t - a wand of iceblast (9)
Scrolls
 g - a scroll of blinking {unknown}
 i - 2 scrolls of remove curse {unknown}
 l - 8 scrolls of identify {unknown}
 m - a scroll of random uselessness {unknown}
 q - a scroll of amnesia {unknown}
 r - 2 scrolls of enchant weapon {unknown}
Potions
 f - a potion of haste
 s - a potion of agility
Comestibles
 c - 8 rations


   Skills:
 - Level 3.6 Fighting
 - Level 8.0 Axes
 - Level 2.4 Dodging
 - Level 1.5 Stealth
 - Level 0.3 Shields
 + Level 4.9 Invocations


You had 3 spell levels left.
You knew the following spells:

 Your Spells              Type           Power        Failure   Level  Hunger
a - Blink                 Tloc           N/A          100%        2    ###....

Your spell library contained the following spells:

 Spells                   Type           Power        Failure   Level  Hunger
 Magic Dart               Conj           #...         99%         1    ##.....
 Call Imp                 Summ           #.......     100%        2    ###....
 Slow                     Hex            #.......     100%        2    ###....
 Conjure Flame            Conj/Fire      #.......     100%        3    ####...
 Mephitic Cloud           Conj/Pois/Air  #.......     100%        3    ####...


Dungeon Overview and Level Annotations

Branches:
Dungeon (6/15)
 Temple: D:4-7

Altars:
The Shining One

Shops:
D:5 (


Message History

You slash the crimson imp!
You kill the crimson imp!
The Shining One accepts your kill.
You feel better.
o - 7 silver javelins (gained 1)
An ogre comes into view. It is wielding a +0 giant club.
The ogre shouts!
Evoke which item? (* to show all) (? for menu, Esc to quit)
Aiming: Iceblast
Press: ? - help, Shift-Dir - straight line, f - ogre
Aim: an ogre, wielding a +0 giant club (haloed)
The mass of ice explodes!
The iceblast engulfs the ogre!
The ogre is heavily wounded.
Your shield is strengthened by the Shining One's divine power.
You feel slightly more hungry.
The ogre hits you with a +0 giant club!!
* * * LOW HITPOINT WARNING * * *
You feel agile all of a sudden. The ogre hits you with a +0 giant club!
You die...

....##.#
#.###....#
#....#
.......###
#..†<†...#
######
.........##
####.†...#
....####..##
##....#
##### ##..##
#....#
##..####
#....#
##....##
#....#
#####..##
#.<..#
.......O@#
###### ##.#
##########
...# ####


You could see an ogre.

Vanquished Creatures
  A howler monkey (D:5)
  A jelly (D:5)
  2 crimson imps (D:5)
  A centaur skeleton (D:5)
  A gnoll shaman (D:5)
  A hound (D:5)
  A hound zombie (D:5)
  3 adders (D:2)
  4 gnolls (D:5)
  An ooze (D:1)
  A worm (D:5)
  A dart slug (D:1)
  3 orcs
  2 giant cockroaches
  6 goblins
  7 hobgoblins
  6 jackals
  4 kobolds
  A quokka (D:5)
  A ball python (D:2)
  3 bats
  5 frilled lizards
  A leopard gecko zombie (D:5)
  A quokka zombie (D:5)
  2 rats (D:1)
  A toadstool (D:1)
61 creatures vanquished.

Vanquished Creatures (others)
  3 toadstools (D:1)
3 creatures vanquished.

Grand Total: 64 creatures vanquished

Notes
Turn   | Place    | Note
-------+----------+-------------------------------------------
     0 | D:1      | brucemayne the Hill Orc Monk began the quest for the Orb.
     0 | D:1      | Reached XP level 1. HP: 19/19 MP: 1/1
   138 | D:1      | Reached XP level 2. HP: 25/26 MP: 2/2
   297 | D:1      | Reached skill level 5 in Axes
   548 | D:2      | Reached XP level 3. HP: 25/31 MP: 3/3
   715 | D:2      | Learned a level 2 spell: Blink
   735 | D:2      | Reached skill level 6 in Axes
   835 | D:2      | Reached XP level 4. HP: 12/39 MP: 4/4
  1092 | D:3      | Found a glowing golden altar of the Shining One.
  1097 | D:3      | Became a worshipper of the Shining One
  1097 | D:3      | Reached * piety under the Shining One
  1097 | D:3      | Reached ** piety under the Shining One
  1253 | D:5      | Entered Level 5 of the Dungeon
  1292 | D:5      | Reached skill level 7 in Axes
  1292 | D:5      | Reached XP level 5. HP: 10/45 MP: 5/5
  1492 | D:5      | Reached skill level 8 in Axes
  1550 | D:5      | Reached skill level 1 in Invocations
  1563 | D:5      | Reached XP level 6. HP: 26/51 MP: 3/7
  1613 | D:5      | Found Olonty's Antique Weapon Shoppe.
  1645 | D:6      | Noticed an ice beast
  1781 | D:5      | Mangled by an ogre

Levels and vault maps discovered:
D:1:      ldierk_water_garden, layout_basic
D:2:      layout_rooms, chequers_serial_rivers_micro_c
D:3:      cheibrodos_pilgrimage, layout_loops_ring, tso_metal_star,
          okawaru_metal_pillars_1_2
D:4:      layout_basic, minmay_temple_entry_drinking_statues
D:5:      layout_rooms, first_ration, serial_shops, shop
D:6:      layout_rooms, serial_glass, glass_columns_c, glass_columns_a,
          ashenzari_altar_1

Skill      XL: |  1  2  3  4  5  6 |
---------------+-------------------+-----
Axes           | 5 6 7 8 |  8.0
Invocations    | 2 4 |  4.9
Fighting       | |  3.6
Dodging        | |  2.4
Stealth        | |  1.5
Shields        | |  0.3

Action                   |  1- 3 |  4- 6 || total
-------------------------+-------+-------++-------
Melee: Hand axe          |   102 |   132 ||   234
Throw: Javelin           |       |     8 ||     8
Invok: Divine Shield     |       |     2 ||     2
Evoke: Wand              |       |     1 ||     1
  Use: Potion            |     2 |     5 ||     7
 Stab: Sleeping          |     1 |       ||     1
  Eat: Chunk             |       |     3 ||     3
Armor: Leather armour    |    32 |     4 ||    36
       Ring mail         |       |    26 ||    26
Dodge: Dodged            |    74 |    38 ||   112
Block: Shield            |       |    37 ||    37
